Map: Blackburn LE

Players

GunGFuBanDa

  • Race: Protoss Protoss

SortOf - Winner!

  • Race: Zerg Zerg

Event: DreamHack SC2 Masters 2021 Fall

VOD

Have the link to the VOD?

Description

Time

  • Played on: July 29, 2021, 2:07 p.m.
  • Length: 16:42

All games in this series

Show
View Real Time Build Order
Export as new Build Order

GunGFuBanDa Protoss 

Build Orders: 1 Gate Expand, Mass Adepts 

Get SALT Encoding   

  12  0:00  Probe  
  13  0:12  Probe  
  14  0:17  Pylon  
  14  0:24  Probe (Chrono Boost)  
  15  0:37  Probe (Chrono Boost)  
  15  0:39  Gateway  
  16  0:43  Probe (Chrono Boost)  
  16  0:47  Assimilator  
  17  0:51  Probe  
  18  1:03  Probe  
  19  1:20  Nexus  
  19  1:30  Cybernetics Core  
  19  1:34  Probe (Chrono Boost)  
  20  1:43  Assimilator, Probe (Chrono Boost)  
  21  1:48  Probe  
  21  1:51  Pylon  
  22  2:00  Probe  
  23  2:06  Adept (Chrono Boost)  
  23  2:12  Probe  
  26  2:16  Warp Gate  
  26  2:21  Twilight Council  
  26  2:28  Stalker  
  29  2:32  Probe x2 (Chrono Boost)  
  30  2:42  Probe (Chrono Boost)  
  30  2:44  Probe (Chrono Boost)  
  32  2:47  Probe  
  32  2:48  Robotics Facility  
  33  2:56  Probe  
  34  2:59  Probe  
  34  3:00  Resonating Glaives (Chrono Boost)  
  35  3:08  Probe  
  35  3:10  Gateway  
  36  3:14  Adept  
  38  3:21  Gateway  
  38  3:23  Probe  
  39  3:27  Gateway  
  39  3:34  Warp Prism (Chrono Boost)  
  39  3:38  Probe  
  42  3:43  Pylon  
  42  3:46  Probe  
  43  3:53  Probe  
  43  3:54  Pylon  
  44  3:58  Probe  
  44  4:00  Pylon  
  45  4:04  Adept  
  45  4:05  Adept  
  45  4:07  Observer  
  50  4:12  Probe  
  50  4:13  Probe  
  50  4:15  Assimilator  
  52  4:28  Adept x3  
  52  4:29  Adept  
  60  4:42  Probe x2  
  66  4:48  Adept x2  
  66  4:50  Adept x2  
  70  4:59  Probe  
  63  5:02  Probe  
  54  5:14  Immortal (Chrono Boost)  
  54  5:16  Probe  
  54  5:18  Adept x2, Probe  
  58  5:28  Robotics Bay, Probe  
  58  5:30  Nexus, Probe  
  58  5:33  Pylon  
  60  5:35  Assimilator  
  60  5:38  Adept  
  60  5:40  Adept x2, Probe  
  67  5:50  Probe  
  67  5:53  Probe  
  69  6:00  Shield Battery  
  69  6:03  Probe (Chrono Boost)  
  70  6:06  Forge  
  70  6:08  Adept x3  
  70  6:10  Probe (Chrono Boost)  
  77  6:13  Probe (Chrono Boost)  
  78  6:22  Blink  
  78  6:26  Pylon x2  
  78  6:37  Protoss Ground Weapons Level 1 (Chrono Boost)  
  78  6:38  Colossus (Chrono Boost)  
  78  6:41  Probe x2  
  78  6:42  Probe  
  78  6:43  Pylon  
  87  6:53  Probe x2  
  89  6:54  Probe  
  89  6:56  Assimilator, Sentry  
  92  7:06  Probe x3  
  89  7:18  Probe x2  
  89  7:19  Probe  
  89  7:21  Sentry, Stalker x2  
  89  7:22  Disruptor (Chrono Boost), Photon Cannon  
  94  7:24  Photon Cannon  
  94  7:26  Shield Battery  
  97  7:30  Probe x2  
  97  7:31  Probe  
  97  7:34  Stalker  
  102  7:41  Assimilator  
  102  7:42  Probe x2  
  102  7:43  Gateway, Probe  
  105  7:44  Gateway  
  105  7:45  Extended Thermal Lance  
  105  7:46  Gateway  
  105  7:49  Observer  
  105  7:51  Pylon  
  105  7:55  Pylon, Adept x2  
  109  8:02  Colossus (Chrono Boost)  
  115  8:08  Pylon  
  115  8:10  Gateway  
  115  8:16  Protoss Ground Weapons Level 2 (Chrono Boost)  
  115  8:23  Probe  
  116  8:35  Stalker x4  
  124  8:48  Nexus  
  124  8:49  Pylon  
  124  8:51  Probe  
  124  8:53  Colossus (Chrono Boost)  
  124  8:55  Sentry x2, Stalker  
  137  9:03  Probe  
  137  9:04  Probe x2  
  137  9:06  Photon Cannon  
  140  9:13  Gateway  
  140  9:16  Gateway  
  137  9:29  Photon Cannon  
  137  9:31  Photon Cannon  
  133  9:32  Disruptor (Chrono Boost)  
  133  9:33  Photon Cannon  
  136  9:44  Stalker x6  
  148  9:47  Shield Battery  
  148  9:49  Shield Battery  
  148  9:50  Pylon  
  144  9:58  Probe  
  145  10:00  Disruptor (Chrono Boost)  
  145  10:05  Charge (Chrono Boost)  
  145  10:06  Pylon  
  148  10:15  Zealot x10  
  168  10:28  Assimilator  
  168  10:29  Assimilator  
  168  10:30  Photon Cannon  
  168  10:31  Disruptor, Photon Cannon  
  168  10:32  Shield Battery, Templar Archives  
  168  10:34  Pylon  
  171  10:36  Protoss Ground Weapons Level 3 (Chrono Boost)  
  171  10:54  Zealot x8  
  161  11:12  Probe  
  162  11:22  High Templar x3  
  162  11:23  High Templar x4  
  162  11:24  High Templar, Zealot x2  
  182  11:28  Archon x2  
  182  11:29  Archon  
  182  11:30  Archon  
  182  11:33  Pylon  
  182  11:41  Dark Shrine  
  180  11:47  Nexus  
  180  11:48  Pylon  
  154  12:01  Zealot x8  
  135  12:03  Disruptor (Chrono Boost)  
  130  12:18  Photon Cannon  
  130  12:19  Photon Cannon  
  130  12:20  Photon Cannon  
  130  12:22  Shield Battery  
  126  12:25  High Templar x4  
  126  12:28  High Templar  
  126  12:29  High Templar  
  130  12:30  Archon x2  
  130  12:31  Disruptor (Chrono Boost), Zealot x4  
  137  12:37  Assimilator  
  137  12:41  Assimilator, Archon  
  137  12:45  Pylon  
  137  12:49  Probe  
  138  12:53  Probe x2  
  138  12:56  Zealot x4  
  138  12:57  Observer (Chrono Boost)  
  148  13:04  Dark Templar x3  
  148  13:05  Zealot x3  
  144  13:16  Warp Prism (Chrono Boost)  
  126  13:26  Zealot x7  
  109  13:44  Disruptor (Chrono Boost)  
  109  13:46  High Templar x7  
  109  13:47  Zealot x3  
  130  13:52  Archon x3  
  130  13:55  Psionic Storm, Probe x2  
  115  13:56  Probe  
  117  14:04  Probe x2  
  117  14:07  High Templar x2  
  123  14:12  Archon  
  123  14:13  Dark Templar  
  125  14:17  Dark Templar  
  125  14:19  Archon  
  113  14:31  Immortal (Chrono Boost)  
  113  14:33  Zealot x6  
  107  14:51  Stalker x4  
  101  14:55  Gateway  
  101  14:59  Gateway  
  93  15:00  Disruptor (Chrono Boost), Stalker x3  
  93  15:01  Stalker x3  
  107  15:19  Zealot  
  107  15:20  Zealot x3  
  113  15:26  Immortal (Chrono Boost)  
  113  15:28  Zealot x6  
  115  15:31  Probe  
  122  15:42  Shield Battery  
  122  15:46  Zealot x4  
  128  15:51  Dark Templar  
  128  15:52  Dark Templar x3  
  97  15:57  Zealot x4  
  79  16:07  Dark Templar x3  
  73  16:14  Nexus  
  73  16:17  Pylon  
  73  16:33  High Templar  
  73  16:34  High Templar x2  
  73  16:37  Archon x3  
Show
View Real Time Build Order
Export as new Build Order

SortOf Zerg - Winner!

Build Orders: Hatch First 

Get SALT Encoding   

  12  0:00  Drone  
  13  0:12  Overlord  
  13  0:16  Drone  
  14  0:31  Drone x2  
  16  0:49  Hatchery  
  15  0:51  Drone  
  15  0:55  Drone  
  17  0:58  Drone  
  18  1:09  Extractor  
  17  1:14  Spawning Pool  
  17  1:17  Drone  
  17  1:20  Drone  
  18  1:29  Drone  
  19  1:40  Drone  
  20  1:50  Overlord  
  20  2:00  Queen x2  
  24  2:02  Zergling x2, Drone  
  26  2:11  Drone x2  
  26  2:14  Metabolic Boost  
  28  2:22  Drone  
  29  2:23  Zergling x2  
  30  2:34  Hatchery  
  30  2:36  Drone  
  30  2:43  Drone  
  31  2:44  Queen  
  31  2:49  Overlord  
  33  2:52  Drone  
  33  2:54  Drone  
  33  2:58  Drone  
  36  3:07  Queen  
  36  3:09  Overlord  
  36  3:11  Drone  
  36  3:12  Drone  
  40  3:15  Drone x2  
  42  3:21  Spore Crawler  
  42  3:25  Drone  
  42  3:26  Drone x2  
  44  3:29  Queen  
  44  3:32  Drone  
  47  3:43  Drone x2  
  47  3:47  Queen, Drone x3  
  54  3:51  Drone  
  54  3:55  Zergling x4  
  57  4:01  Spore Crawler, Roach Warren  
  55  4:04  Spore Crawler  
  55  4:06  Drone x2  
  55  4:09  Overlord  
  56  4:13  Overlord  
  56  4:17  Zergling x4  
  56  4:24  Overlord  
  58  4:28  Zergling x12  
  63  4:40  Zergling x4  
  63  4:43  Zergling x10  
  64  4:46  Zergling x2  
  64  4:56  Roach x3  
  64  4:59  Drone  
  64  5:01  Zergling x6  
  64  5:04  Drone  
  64  5:14  Drone x4  
  66  5:18  Drone x2  
  66  5:23  Lair  
  66  5:25  Extractor  
  66  5:26  Extractor, Drone  
  66  5:28  Drone  
  66  5:33  Overlord  
  66  5:34  Zergling x2  
  67  5:38  Drone  
  67  5:44  Drone x2  
  69  5:50  Overlord  
  69  5:52  Drone x4  
  69  5:55  Overlord  
  73  6:00  Extractor  
  73  6:01  Roach  
  74  6:04  Overlord  
  74  6:08  Roach x3  
  74  6:09  Drone x4  
  81  6:21  Roach x5  
  91  6:25  Glial Reconstitution  
  91  6:31  Roach x3  
  95  6:39  Drone x5  
  100  6:44  Drone x2  
  101  6:49  Baneling Nest  
  101  6:54  Drone, Roach  
  101  6:55  Roach  
  101  6:56  Overlord x3  
  101  7:12  Drone x4  
  101  7:13  Drone x3  
  106  7:23  Extractor, Roach, Overlord  
  106  7:24  Roach x3  
  106  7:29  Roach x2  
  117  7:34  Centrifical Hooks  
  116  7:39  Drone x3  
  116  7:41  Roach x2  
  123  7:44  Overseer  
  123  7:52  Roach x6  
  135  8:04  Evolution Chamber  
  135  8:05  Overlord  
  134  8:13  Drone  
  134  8:14  Drone x2, Hatchery  
  135  8:23  Drone  
  135  8:24  Drone x8  
  144  8:30  Zerg Melee Weapons Level 1, Infestation Pit  
  143  8:36  Extractor  
  143  8:38  Drone x2  
  144  8:41  Ravager x2  
  144  8:43  Overlord x4  
  146  8:57  Overlord  
  146  9:02  Ravager x3, Evolution Chamber  
  152  9:03  Ravager x3, Zergling x24  
  163  9:15  Zergling x14  
  164  9:24  Drone x2  
  164  9:27  Drone x2  
  164  9:28  Drone x2  
  164  9:30  Drone x4  
  172  9:33  Baneling  
  172  9:34  Baneling x13  
  172  9:36  Baneling  
  172  9:45  Drone x8  
  171  9:52  Drone x2  
  170  9:53  Hive  
  170  9:57  Zerg Missile Weapons Level 1  
  170  10:03  Spore Crawler  
  170  10:04  Extractor  
  170  10:05  Spore Crawler  
  167  10:13  Zergling x8, Hatchery  
  167  10:14  Spire  
  169  10:15  Ravager x2  
  171  10:22  Zergling x12  
  177  10:28  Overlord  
  177  10:32  Overlord  
  177  10:37  Baneling x11  
  177  10:38  Spore Crawler  
  177  10:42  Baneling x14  
  175  10:52  Zergling x20  
  169  11:06  Zergling x2, Roach x6  
  169  11:07  Zergling x12  
  169  11:10  Adrenal Glands  
  169  11:11  Viper  
  181  11:14  Zergling x6  
  185  11:19  Zergling x6  
  188  11:28  Drone x3  
  188  11:29  Drone x3  
  188  11:30  Drone  
  188  11:31  Baneling x4  
  188  11:32  Baneling x12  
  195  11:43  Zerg Melee Weapons Level 2  
  186  11:47  Zergling x20  
  185  11:59  Roach x8  
  185  12:00  Zergling x6  
  182  12:06  Roach  
  174  12:09  Roach x5  
  181  12:24  Zergling x20  
  187  12:30  Spire  
  187  12:31  Ultralisk Cavern  
  184  12:41  Baneling x9  
  184  12:46  Baneling  
  184  12:48  Zergling x12  
  184  12:49  Zergling x10  
  195  12:53  Spore Crawler x2  
  195  12:55  Baneling x4  
  195  12:57  Extractor, Queen  
  195  12:58  Queen x2, Extractor  
  197  12:59  Extractor  
  196  13:08  Overseer x2  
  179  13:14  Roach x10  
  179  13:16  Zergling x2  
  179  13:17  Zergling x18  
  172  13:29  Roach x5  
  173  13:35  Queen x2  
  173  13:37  Drone x3  
  173  13:38  Drone x2  
  179  13:42  Drone x2  
  175  13:50  Zergling x10  
  175  13:55  Baneling x11  
  174  14:01  Ravager x3  
  174  14:02  Zergling x14  
  184  14:05  Spine Crawler  
  184  14:06  Spore Crawler  
  184  14:08  Spine Crawler  
  184  14:09  Zergling x8  
  185  14:12  Zergling x2  
  185  14:16  Zergling x8  
  190  14:25  Zergling x8  
  190  14:30  Zergling x14  
  192  14:37  Roach x4  
  183  14:40  Roach x3  
  183  14:43  Roach  
  182  14:49  Zergling x6  
  173  14:57  Chitinous Plating  
  173  14:59  Mutalisk x3  
  175  15:03  Zergling x14  
  178  15:08  Zergling x8  
  167  15:22  Zergling x12  
  167  15:27  Roach x6  
  177  15:33  Ravager x4  
  177  15:34  Zergling x6  
  178  15:41  Zergling x6  
  181  15:48  Zergling x8  
  183  15:55  Zergling x6  
  176  15:58  Overseer x3  
  162  16:07  Drone x13  
  170  16:17  Zergling x10  
  167  16:31  Ravager x13  
  178  16:39  Hatchery  

Tags
 
Add a new tag
Caveats
  • Supply blocks, unpowered buildings, or Contaminate may cause inaccurate times.
  • Supply counts are checked every 10 seconds.